 Dungeon Crawl Stone Soup version 0.17-a0-1115-g0372368 (webtiles) character file.

1017712 mefis231 the Conqueror (level 27, -4/199 HPs)
             Began as a Gargoyle Fighter on May 18, 2015.
             Was the Champion of the Shining One.
             Killed from afar by Ojemmolisi the pandemonium lord (42 damage)
             ... with a great icy blast
             ... on level 24 of a ziggurat on May 22, 2015.
             The game lasted 08:33:49 (99759 turns).

mefis231 the Conqueror (Gargoyle Fighter)          Turns: 99759, Time: 08:33:49

Health: -4/199     AC: 78    Str: 33    XL:     27
Magic:  48/48      EV: 12    Int: 28    God:    the Shining One [******]
Gold:   10635      SH: 24    Dex:  9    Spells: 10 memorised, 37 levels left

rFire  + . .     SeeInvis .     M - +9 eveningstar (freeze)
rCold  + + +     Clarity  .     W - +12 gold dragon armour
rNeg   + + +     SustAt   .     c - +5 shield {reflect}
rPois  ∞         Gourm    .     y - +2 hat of Idealism {Int+4 Slay+5}
rElec  +         Spirit   .     e - +0 cloak of the Blizzard {rC+ Regen+ Int+4}
rCorr  .         Warding  .     v - +3 pair of gauntlets of War {Slay+5}
rMut   +         Stasis   .     U - +2 pair of boots {run}
MR     +++..                    R - amulet of Finality {rMut Str+4 Stlth+}
Stlth  ..........               p - +5 ring of slaying
                                I - ring "Gaicoruc" {rC+ MR+ Str+7}

@: flying, glowing, studying 2 skills, quick, extremely resistant to hostile
enchantments, extremely unstealthy
A: big wings, molten scales 1, thin metallic scales 1, yellow scales 1, negative
energy resistance 1, sense surroundings 2, electricity resistance, wild magic 1,
unbreathing, petrification resistance, rot immunity, AC +20
a: Stop Flying, Divine Shield, Cleansing Flame, Summon Divine Warrior, Renounce
Religion
}: 6/15 runes: barnacled, slimy, silver, golden, abyssal, gossamer


You were on level 24 of a ziggurat.
You worshipped the Shining One.
The Shining One was exalted by your worship.
You were not hungry.

You visited 14 branches of the dungeon, and saw 67 of its levels.
You visited Pandemonium 1 time, and saw 3 of its levels.
You visited the Abyss 1 time.
You visited 1 bazaar.
You visited 2 ziggurats, and saw 38 of their levels (deepest: 24).
You also visited: Bailey and Ice Cave.

You collected 15103 gold pieces.
You spent 4468 gold pieces at shops.

Inventory:

Hand weapons
 m - a +9 sacred scourge of holy wrath
 M - a +9 eveningstar of freezing (weapon)
Missiles
 w - 29 javelins of penetration (quivered)
Armour
 c - a +5 shield of reflection (worn)
 e - the +0 cloak of the Blizzard (worn) {rC+ Regen+ Int+4}
   (You acquired it on level 23 of a ziggurat)

   It affects your intelligence (+4).
   It protects you from cold.
   It increases your rate of regeneration.
 u - the +11 crystal plate armour of Juguo {-Cast rC++ rN+ Int+4}
   (You acquired it on level 14 of a ziggurat)

   It affects your intelligence (+4).
   It greatly protects you from cold.
   It protects you from negative energy.
   It prevents spellcasting.
 v - the +3 pair of gauntlets of War (worn) {Slay+5}
   (You found it on level 3 of the Crypt)

   It affects your accuracy and damage with ranged weapons and melee attacks
   (+5).
 y - the +2 hat of Idealism (worn) {Int+4 Slay+5}
   (You acquired it in Pandemonium)

   It affects your intelligence (+4).
   It affects your accuracy and damage with ranged weapons and melee attacks
   (+5).
 G - a +2 cloak of magic resistance
 U - a +2 pair of boots of running (worn)
 W - a +12 gold dragon armour (worn)
Jewellery
 d - the amulet of Jextalell {rCorr Dex+2}
   (You found it on level 19 of a ziggurat)

   [amulet of resist corrosion]

   It protects you from acid and corrosion.
   It affects your dexterity (+2).
 p - a +5 ring of slaying (right hand)
 q - the ring "Hydusuw" {rF+ Dex+2}
   (You found it on level 8 of the Lair of Beasts)

   [ring of dexterity]

   It affects your dexterity (+2).
   It protects you from fire.
 r - the ring of Bavunyr {rElec rF+ Dex+7 Slay+3}
   (You took it off a vault guard on level 5 of the Vaults)

   [ring of slaying]

   It affects your dexterity (+7).
   It affects your accuracy and damage with ranged weapons and melee attacks
   (+3).
   It protects you from fire.
   It insulates you from electricity.
 I - the ring "Gaicoruc" (left hand) {rC+ MR+ Str+7}
   (You found it on level 21 of a ziggurat)

   [ring of protection from cold]

   It affects your strength (+7).
   It protects you from cold.
   It affects your resistance to hostile enchantments.
 R - the amulet of Finality (around neck) {rMut Str+4 Stlth+}
   (You found it on level 15 of a ziggurat)

   [amulet of resist mutation]

   It protects you from mutation.
   It affects your strength (+4).
   It makes you more stealthy.
 S - an uncursed ring of sustain attributes
Magical devices
 b - a wand of heal wounds (0)
 f - a wand of heal wounds (4)
 t - a wand of lightning (9)
 x - a wand of fireball (8)
 B - a wand of digging (3)
 D - a wand of hasting (4)
 E - a wand of teleportation (5)
 F - a wand of cold (12)
 P - a wand of fire (11)
Scrolls
 g - 29 scrolls of fog
 i - 11 scrolls of silence
 j - 4 scrolls of summoning
 k - 57 scrolls of teleportation
 l - 21 scrolls of identify
 s - 11 scrolls of fear
 A - 5 scrolls of magic mapping
 J - 15 scrolls of blinking
 K - 12 scrolls of recharging
 N - 2 scrolls of brand weapon
 O - 30 scrolls of remove curse
 T - 13 scrolls of enchant weapon
 X - 5 scrolls of holy word
Potions
 a - 9 potions of agility
 n - 5 potions of might
 o - 19 potions of curing
 z - 10 potions of heal wounds
 L - 12 potions of resistance
 Q - 3 potions of haste
 V - 8 potions of cure mutation
 Y - 7 potions of cancellation
 Z - 3 potions of magic
Books
 C - a manual of Shields
 H - a manual of Axes
Comestibles
 h - 25 meat rations


   Skills:
 O Level 27 Fighting
 - Level 23.6 Maces & Flails
 - Level 17.7 Throwing
 O Level 27 Armour
 + Level 13.1 Dodging
 - Level 25.9 Shields
 + Level 21.8 Spellcasting
 - Level 13.8 Translocations
 + Level 14.1 Earth Magic
 + Level 26.4 Invocations


You had 37 spell levels left.
You knew the following spells:

 Your Spells              Type           Power        Failure   Level  Hunger
a - Shroud of Golubria    Chrm/Tloc      #######...   2%          2    None
b - Apportation           Tloc           ########..   1%          1    None
c - Blink                 Tloc           N/A          1%          2    None
d - Swiftness             Chrm/Air       #####...     22%         2    None
e - Lee's Rapid Deconstr  Erth           ########..   2%          5    None
f - Repel Missiles        Chrm/Air       #####.       22%         2    None
g - Iron Shot             Conj/Erth      #######...   61%         6    None
h - Stoneskin             Trmt/Erth      #######.     2%          2    None
i - Summon Butterflies    Summ           #####...     16%         1    None
j - Shatter               Erth           ########..   100%        9    ######.


Dungeon Overview and Level Annotations

Branches:
Dungeon (15/15)            Temple (1/1) D:5            Lair (8/8) D:9
 Shoals (4/4) Lair:4       Spider (4/4) Lair:3        Slime (6/6) Lair:8
    Orc (4/4) D:12            Elf (3/3) Orc:4        Vaults (5/5) D:14
  Crypt (3/3) Vaults:2       Tomb (3/3) Crypt:3      Depths (5/5) D:15
   Hell (1/1)                 Dis (0/7) Hell            Geh (0/7) Hell
    Coc (0/7) Hell            Tar (0/7) Hell            Zot (5/5) Depths:5

Altars:
Ashenzari
Cheibriados
Dithmenos
Elyvilon
Fedhas
Gozag
Kikubaaqudgha
Makhleb
Nemelex Xobeh
Okawaru
Qazlal
Ru
Sif Muna
Trog
Vehumet
Xom
Yredelemnul
Zin
The Shining One
Beogh
Jiyva

Shops:
D:5 =(*   Orc:2 *   Orc:3 ?   Orc:4 }?([}   Elf:2 %   Elf:3 *[:([   Shoals:1 *
Vaults:1 :}   Vaults:3 [   Depths:1 *

Portals:
Hell: Depths:1 Depths:2 Depths:3 Depths:4 Depths:5
Abyss: Depths:4
Pandemonium: Depths:3

Annotations:
Depths:2 1 runed door
Depths:5 1 runed door


Innate Abilities, Weirdness & Mutations

You are resistant to torment.
Your stone body is resilient (AC +20).
You are immune to poison.
Your large and strong wings let you fly indefinitely.
You resist negative energy.
You are resistant to electric shocks.
You can survive without breathing.
You are immune to petrification.
You are immune to rotting.
You are partially covered in molten scales (AC +1).
You are partially covered in thin metallic scales (AC +2).
You are partially covered in yellow scales (AC +2).
You passively map the area around you.
Your spells are a little harder to cast, but a little more powerful.


Message History

Something hisses, "Capitulate, thou tasty snacklet!"
Something whispers, "Embrace thy doom, thou unhinged pigeon-egg flim-flammer!"
Something hisses, "Remove thy stench, thou surly dismal-dreaming erk!"
You hear a chilling moan.
A sphinx comes into view.
Evoke which item? (* to show all) (? for menu, Esc to quit)
Zapping:
b - a wand of heal wounds (1)
Press: ? - help, Shift-Dir - straight line, f - you You feel much better.
This wand has 0 charges left.
You are engulfed in freezing vapours.
You resist. The ice encasing you melts away.
The harpy is engulfed in freezing vapours. x3
You block the harpy's attack. x2
The harpy is engulfed in freezing vapours. x2
You block the harpy's attack. The harpy claws you but does no damage.
Ojemmolisi is engulfed in freezing vapours.
Ojemmolisi gestures at you while chanting.
Ojemmolisi conjures a mighty blast of ice!
The great icy blast engulfs you! You partially resist.
You die...

,, , , , , , ,
,........▓ ,
........▓▓ **
,.........▓ ,
.........▓ ,
........§▓ ,
.......§§▓ ,
.......§§H▓▓ , ,
....&...§H&@▓ ,
.........§§H▓▓ ,
...........§§▓
,...........§.§▓
#.............▓ *
#.....H......▓
..##...........▓▓
...............▓
..............▓▓


You could see Ezupyul, Ojemmolisi, a sphinx and 3 harpies.

Vanquished Creatures
  the royal jelly (Slime:6)
  Khufu (Crypt:1)
  7 orbs of fire
  14 ancient liches
  Mara (Crypt:3)
  Mennas (Depths:2)
  17 greater mummies
  Sojobo (Vaults:5)
  Boris (twice) (Depths:3)
  Margery (Crypt:2)
  Norris (Depths:1)
  A shard shrike (Zig:22)
  15 Killer Klowns
  4 curse toes
  5 caustic shrikes
  Geryon (Hell)
  21 golden dragons
  3 profane servitors
  7 bone dragons
  A Brimstone Fiend (Zig:23)
  Arachne (Spider:4)
  6 electric golems
  3 Hell Sentinels
  A hellephant (Abyss:4)
  8 liches
  Rupert (D:14)
  36 tentacled monstrosities
  23 Orb Guardians (Zot:5)
  2 Ice Fiends
  28 titans
  Asterion (Spider:2)
  A quicksilver dragon (Depths:5)
  10 Shadow Fiends
  8 pandemonium lords
  22 deep elf blademasters
  9 deep elf master archers
  9 Executioners
  2 krakens
  17 acid blobs
  21 tentacled starspawn
  3 eldritch tentacles
  10 shadow dragons
  Agnes (D:15)
  18 storm dragons
  5 ancient champions
  19 sphinxes
  Frances (Spider:1)
  4 revenants
  A shadow dragon (shapeshifter) (Zig:7)
  10 draconian monks
  15 tengu reavers
  The ghost of l0ser140 the Unseen, a mighty KoEn of Dithmenos (Elf:3)
  Ilsuiw (Shoals:4)
  8 greater nagas
  10 deep elf sorcerers
  Wiglaf (Crypt:3)
  A frost giant (shapeshifter) (Zig:13)
  7 balrugs
  20 azure jellies
  8 draconian knights
  Donald (Crypt:3)
  16 frost giants
  40 fire giants
  15 ghost moths
  A ghost moth (shapeshifter) (Zig:9)
  4 daevas
  14 vault wardens
  3 black suns (Zig:14)
  4 orc warlords (Zig:20)
  Aizul (Spider:2)
  Louise (Shoals:3)
  4 draconian zealots
  An iron dragon (shapeshifter) (Depths:4)
  4 curse skulls
  2 cacodemons
  9 draconian scorchers
  7 iron dragons
  4 caustic shrike zombies (Zig:22)
  3 draconian shifters
  18 ironheart preservers
  11 emperor scorpions
  6 angels
  An emperor scorpion (shapeshifter) (Elf:3)
  22 reapers
  6 draconian annihilators
  2 stone giants (shapeshifter)
  A blood saint (Pan)
  25 very ugly things
  52 stone giants
  4 draconian callers
  2 spriggan defenders (Depths:3)
  3 vampire knights
  The ghost of Ontamu the Thaumaturge, a powerful GrWz of Vehumet (Lair:8)
  4 bennus
  15 deep elf demonologists
  12 green draconians
  3 chaos champions
  3 war gargoyles
  3 dire elephants (Zig:19)
  19 deep elf annihilators
  Azrael (Spider:1)
  4 purple draconians
  6 white draconians
  15 black draconians
  8 yellow draconians
  14 mottled draconians
  13 red draconians
  11 deep elf death magi
  6 merfolk javelineers
  12 blizzard demons
  Snorg (Orc:3)
  13 eidola
  2 lorocyprocas
  4 death oozes (Slime:6)
  10 green deaths
  2 quicksilver dragon zombies
  25 mummy priests
  8 deep elf high priests
  6 jiangshi
  12 merfolk impalers
  A spectral golden dragon (Tomb:2)
  19 great orbs of eyes
  15 entropy weavers
  27 fire dragons
  35 vault guards
  20 hydras
  20 yaktaur captains
  A quicksilver dragon skeleton (Tomb:2)
  Fannar (Lair:3)
  23 ettins
  A hydra (shapeshifter) (Zig:7)
  5 death cobs
  5 hell beasts
  10 naga warriors
  7 catoblepae (Zig:19)
  4 spriggan air magi (Depths:3)
  5 rakshasas
  19 ice dragons
  7 monstrous demonspawn (Pan)
  3 ghost crabs (Zig:21)
  3 satyrs (Shoals:4)
  5 anacondas
  4 merfolk aquamancers
  An anaconda (shapeshifter) (Zig:7)
  3 merfolk avatars
  10 centaur warriors
  The ghost of DEFE the Zephyrmancer, a powerful TeAE of Vehumet (Orc:1)
  The ghost of Fluffy the Cleaver, an experienced HOFi of Qazlal (Bailey)
  A spectral frost giant (Tomb:2)
  An alligator snapping turtle (Shoals:4)
  17 ogre magi
  2 death knights
  5 alligators
  An alligator snapping turtle (shapeshifter) (Zig:7)
  16 dancing weapons
  6 salamander stormcallers
  7 death yaks
  9 deep troll earth magi
  A tengu warrior (Depths:2)
  15 thrashing horrors
  10 orc high priests
  A titan zombie (Zig:22)
  10 deep troll shamans
  A satyr (shapeshifter) (Vaults:5)
  4 shock serpents
  5 naga sharpshooters
  A vampire mage (Crypt:1)
  7 hell hogs
  2 spriggan berserkers (Depths:3)
  A spectral storm dragon (Zig:21)
  34 deep elf knights
  A shock serpent (shapeshifter) (Abyss:1)
  2 storm dragon zombies
  Sonja (D:15)
  Nergalle (Orc:1)
  3 fire crabs
  2 salamander mystics (Depths:1)
  58 skeletal warriors
  20 sun demons
  12 shadow wraiths
  41 hell knights
  3 titan skeletons
  24 soul eaters
  19 wretched stars
  3 iron golems (Hell)
  11 iron trolls
  A fire crab (shapeshifter) (Depths:3)
  10 spatial maelstroms
  6 unseen horrors
  6 cherubim (Depths:2)
  57 large abominations
  7 sea snakes
  A quicksilver dragon simulacrum (Crypt:1)
  2 ghost moth zombies
  5 spriggan druids
  A shadow demon (Pan)
  6 flayed ghosts
  4 anaconda zombies
  A death drake (shapeshifter) (Depths:4)
  12 ice devils
  2 storm dragon skeletons (Crypt:3)
  A death drake (Zig:21)
  2 torturous demonspawn (Pan)
  3 ice statues (IceCv)
  A putrid demonspawn (Pan)
  30 deep trolls
  2 harpies (shapeshifter) (Vaults:1)
  A naga ritualist (Zig:10)
  8 infernal demonspawn (Pan)
  11 swamp dragons
  18 deep elf summoners
  A shadow dragon zombie (Zig:22)
  6 giant orange brains
  19 orc knights
  28 necromancers
  6 shambling mangroves
  6 hill giants
  17 anubis guards
  13 orc sorcerers
  A spectral wolf spider (Tomb:3)
  21 ironbrand convokers
  34 death scarabs
  24 phantasmal warriors
  3 golden dragon skeletons
  4 deathcaps
  A sphinx zombie (Depths:2)
  43 wolf spiders
  75 ugly things
  4 anaconda skeletons
  3 mana vipers
  2 wolf spider zombies
  26 deep elf conjurers
  15 harpies
  15 orb spiders
  6 oklob plants
  3 shadow dragon skeletons
  2 iron dragon zombies
  A frost giant zombie (Crypt:3)
  2 stone giant zombies
  3 draconian zombies (Zot:2)
  2 lindwurms (shapeshifter)
  5 shining eyes
  15 griffons
  A sphinx skeleton (Crypt:1)
  3 wizards
  19 elephants
  2 fire giant zombies
  6 manticores
  An octopode (shapeshifter) (Zig:13)
  13 fauns
  7 salamanders
  A toenail golem (Zig:14)
  7 cyclopes
  2 iron dragon skeletons
  6 water nymphs
  A water nymph (shapeshifter) (Depths:3)
  3 stone giant skeletons
  11 apocalypse crabs
  A fire giant skeleton (Crypt:1)
  An elephant (shapeshifter) (Vaults:3)
  A drowned soul (Shoals:2)
  Maurice (Orc:3)
  A faun (shapeshifter) (Depths:3)
  14 sixfirhies
  A draconian skeleton (Zot:2)
  5 eyes of devastation
  15 vault sentinels
  8 worldbinders
  21 black mambas
  A dire elephant zombie (Tomb:3)
  7 sirens
  23 hornets
  17 orange demons
  The ghost of Ruokin the Ruffian, an experienced VSMo (D:9)
  3 gargoyles
  4 naga magi
  A frost giant skeleton (Tomb:3)
  36 moths of wrath
  12 rust devils
  2 spiny frogs (shapeshifter)
  Psyche (D:11)
  A molten gargoyle (Depths:1)
  3 torpor snails
  A shock serpent skeleton (Crypt:2)
  2 yellow draconian zombies
  8 guardian serpents
  An orange crystal statue (Zig:5)
  9 efreet
  A green draconian zombie (Zot:2)
  3 elf skeletons
  42 spiny frogs
  14 komodo dragons
  A mottled draconian zombie (Zot:2)
  2 black draconian zombies
  A white draconian zombie (Zot:2)
  60 yaktaurs
  28 smoke demons
  24 hellwings
  2 komodo dragons (shapeshifter)
  4 spriggan zombies
  30 demonic crawlers
  53 guardian mummies
  6 fire drakes
  8 tormentors
  4 kobold demonologists
  15 deep elf priests
  A fire drake (shapeshifter) (Vaults:5)
  9 ancient zymes
  A wolf spider simulacrum (Tomb:2)
  A hellion (Abyss:4)
  A purple draconian skeleton (Crypt:3)
  4 tengu conjurers
  4 hydra zombies
  30 freezing wraiths
  36 merfolk
  44 jumping spiders
  14 blue devils
  A wind drake (shapeshifter) (Zig:9)
  3 wind drakes
  21 two-headed ogres
  6 giant leeches
  A polar bear (Vaults:3)
  A queen bee (Lair:1)
  15 red devils
  36 blink frogs
  2 harpy skeletons
  A minotaur zombie (Crypt:2)
  2 hydra skeletons
  11 boulder beetles
  2 jumping spiders (shapeshifter)
  2 ravens (shapeshifter)
  9 trolls
  2 fire dragon zombies (Crypt:3)
  A moth of wrath zombie (Zot:2)
  8 snapping turtles
  A two-headed ogre (shapeshifter) (Vaults:3)
  The ghost of tesudzi the Sneak, an average OpAs of Ru (D:5)
  98 slime creatures
  14 ushabtiu
  9 bog bodies
  An ice dragon zombie (Abyss:4)
  18 ravens
  4 alligator zombies
  49 raiju
  33 flying skulls
  An iron dragon simulacrum (Abyss:1)
  31 trapdoor spiders
  A trapdoor spider (shapeshifter) (Zig:13)
  20 shadows
  A centaur simulacrum (D:14)
  42 tarantellas
  2 ettin skeletons (Crypt:3)
  An alligator skeleton (Hell)
  10 wraiths
  96 redbacks
  43 deep elf magi
  A frost giant simulacrum (Vaults:1)
  An ice dragon skeleton (Tomb:2)
  5 air elementals
  7 neqoxecs
  9 vampires
  5 wyverns
  The ghost of Viceroy the Covered, an average MiFi (D:3)
  A black mamba skeleton (Crypt:2)
  10 water elementals
  A hippogriff (shapeshifter) (Vaults:2)
  7 ynoxinuls
  13 golden eyes
  24 humans
  33 yaks
  4 basilisks
  A hog (shapeshifter) (Zig:5)
  18 fire elementals
  7 hungry ghosts
  39 deep elf fighters
  A fire bat (Abyss:2)
  25 chaos spawn
  A putrid demonspawn zombie (Crypt:1)
  5 wolves
  4 wargs
  12 hippogriffs
  6 insubstantial wisps
  28 vampire mosquitoes
  2 mottled dragons
  A mottled dragon (shapeshifter) (Vaults:3)
  7 nagas
  A soldier ant (D:8)
  2 soldier ants (shapeshifter)
  15 spatial vortices
  14 hell hounds
  2 deep troll skeletons
  9 eyes of draining
  8 raven skeletons (Crypt:3)
  A water nymph skeleton (Crypt:2)
  A monstrous demonspawn skeleton (Crypt:2)
  17 water moccasins
  2 spiny frog skeletons (Hell)
  21 spiders
  3 sky beasts
  2 spiny frog zombies (Crypt:3)
  An ice dragon simulacrum (Abyss:2)
  61 orc warriors
  2 phantoms
  2 snapping turtle zombies (Crypt:3)
  19 ice beasts
  7 porcupines
  5 swamp drakes
  7 necrophages
  A black mamba simulacrum (Crypt:1)
  3 wasps
  59 ogres
  An ettin simulacrum (Abyss:4)
  13 centaurs
  A black bear (D:13)
  A manticore skeleton (Crypt:1)
  5 big kobolds
  14 boggarts
  A lost soul (Crypt:2)
  A swamp dragon skeleton (Crypt:2)
  19 crocodiles
  A spectral two-headed ogre (Zig:21)
  An elf simulacrum (Zig:15)
  2 brain worms
  A gnoll sergeant (D:8)
  25 giant frogs
  A salamander skeleton (Crypt:2)
  An earth elemental (Abyss:1)
  2 water moccasin zombies
  35 small abominations
  A wyvern skeleton (D:14)
  36 killer bees
  4 scorpions
  A wight (Tomb:2)
  2 troll zombies
  5 elf zombies
  A queen bee zombie (Crypt:2)
  A killer bee (shapeshifter) (Vaults:1)
  9 electric eels
  3 spriggan skeletons
  15 crimson imps
  2 human simulacra
  A vampire bat (D:6)
  3 giant frog zombies
  83 starcursed masses
  9 centaur zombies
  20 hounds
  4 iron imps
  33 jellies
  12 quasits
  4 giant frog skeletons
  7 iguanas
  36 orc priests
  7 centaur skeletons
  A human skeleton (Crypt:3)
  29 orc wizards
  2 spectral orcs (Orc:1)
  9 worker ants
  17 hell rats
  A lightning spire (Zig:14)
  A porcupine skeleton (Crypt:2)
  11 sheep
  A killer bee zombie (D:10)
  A hound skeleton (D:5)
  71 mummies
  A worker ant zombie (D:8)
  12 adders
  6 gnolls
  41 river rats
  4 shadow imps
  A tengu simulacrum (Tomb:3)
  31 white imps
  30 ufetubi
  3 oozes
  2 adder skeletons
  A worm (D:3)
  2 giant geckos
  279 orcs
  2 bat skeletons (D:6)
  3 bat zombies (D:6)
  8 giant cockroaches
  9 hobgoblins
  A river rat zombie (Crypt:2)
  16 bats
  A giant newt (shapeshifter) (Vaults:5)
  4 giant newts
  35 goblins
  6 jackals
  A jackal skeleton (D:4)
  39 kobolds
  A kobold skeleton (Tomb:3)
  A lurking horror (Abyss:4)
  An orc zombie (Crypt:2)
  5 quokkas
  A quokka skeleton (D:8)
  29 rats
  4 crawling corpses
  5 plants
  31 starspawn tentacles
  A starspawn tentacle segment (Zig:14)
5253 creatures vanquished.

Vanquished Creatures (collateral kills)
  2 greater mummies (Zig:15)
  A tentacled monstrosity (Zot:3)
  2 Orb Guardians (Zot:5)
  A shadow dragon (Zig:14)
  A spectral titan (Zig:14)
  A deep elf death mage (Zig:14)
  A soul eater (Tomb:1)
  2 spectral storm dragons (Zig:14)
  A titan skeleton (Zig:15)
  A death scarab (Zig:15)
  4 shadow wraiths
  An anubis guard (Zig:15)
  A moth of wrath (Zot:1)
  An apocalypse crab (Zig:9)
  An elf skeleton (Zig:15)
  3 guardian mummies (Tomb:1)
  2 fire vortices (Zig:12)
  5 ushabtiu
  A frost giant simulacrum (Zig:15)
  2 flying skulls (Tomb:3)
  2 vampires
  2 necrophages
  5 mummies
  A starspawn tentacle (Zig:14)
44 creatures vanquished.

Vanquished Creatures (others)
  An ancient lich (Tomb:2)
  2 golden dragons
  A lich (Depths:4)
  A titan (Zig:12)
  7 deep elf master archers
  2 tengu reavers
  4 daevas
  2 fire giants (Vaults:5)
  A draconian scorcher (Zot:1)
  8 angels
  A draconian shifter (Zot:4)
  A stone giant (Depths:1)
  A dire elephant (Zig:19)
  A purple draconian (Zot:1)
  An ettin (Zig:12)
  A blizzard demon (Vaults:5)
  A green death (Zig:21)
  A great orb of eyes (Zig:12)
  A fire dragon (Zig:10)
  A deep elf high priest (Zig:23)
  An ice dragon (Zig:12)
  An ogre mage (Vaults:3)
  A salamander stormcaller (Zig:12)
  A deep elf knight (Elf:2)
  2 spriggan druids
  6 death scarabs (Tomb:2)
  2 necromancers (Depths:4)
  2 mana vipers (Tomb:2)
  A moth of wrath (Zot:1)
  A hornet (Zig:21)
  An ironbrand convoker (Vaults:5)
  5 drowned souls
  2 vault sentinels (Zig:12)
  A guardian serpent (Zig:12)
  A black mamba (Zig:19)
  A fire drake (Zig:8)
  3 yaktaurs
  A wandering mushroom (Zot:1)
  7 fire vortices
  2 slime creatures
  5 flying skulls
  A ynoxinul (Abyss:4)
  A deep elf mage (Vaults:5)
  A spriggan (Zig:21)
  4 deep elf fighters
  3 chaos spawn
  A hippogriff (Zig:19)
  A neqoxec (Zig:14)
  A water moccasin (Zig:19)
  A spatial vortex (Abyss:4)
  A wasp (Zig:21)
  4 swamp drakes (Zig:21)
  6 large abominations
  3 spiders
  19 lost souls
  An ogre (shapeshifter) (Zig:12)
  2 boggarts
  A crocodile (Zig:19)
  A small abomination (Abyss:2)
  A starcursed mass (Abyss:4)
  An orc wizard (Orc:1)
  5 hell rats (Zig:23)
  3 mummies (Tomb:2)
  6 ufetubi
  A sheep zombie (Crypt:2)
  An orc (Orc:1)
  5 lurking horrors
  58 eldritch tentacle segments
  9 fungi
  13 plants
  45 starspawn tentacles
  504 starspawn tentacle segments
  4 tentacles (Shoals:4)
794 creatures vanquished.

Grand Total: 6091 creatures vanquished

Notes
Turn   | Place    | Note
--------------------------------------------------------------
     0 | D:1      | mefis231 the Gargoyle Fighter began the quest for the Orb.
     0 | D:1      | Reached XP level 1. HP: 14/14 MP: 1/1
   309 | D:1      | Reached XP level 2. HP: 17/19 MP: 2/2
   897 | D:2      | Reached XP level 3. HP: 18/23 MP: 3/3
  1088 | D:2      | Reached skill level 4 in Maces & Flails
  1117 | D:2      | Reached XP level 4. HP: 23/28 MP: 4/4
  1125 | D:2      | Found a glowing golden altar of the Shining One.
  1164 | D:2      | Found a stormy altar of Qazlal.
  1529 | D:3      | Reached skill level 5 in Maces & Flails
  1549 | D:3      | Reached XP level 5. HP: 9/32 MP: 5/5
  2446 | D:4      | Reached skill level 6 in Maces & Flails
  2446 | D:4      | Reached XP level 6. HP: 32/37 MP: 6/6
  2970 | D:4      | Found a deep blue altar of Sif Muna.
  2970 | D:4      | Found an iron altar of Okawaru.
  3027 | D:5      | Entered Level 5 of the Dungeon
  3034 | D:5      | Noticed tesudzi's ghost (average OpAs)
  3038 | D:5      | Reached skill level 7 in Maces & Flails
  3364 | D:5      | Killed tesudzi's ghost
  3364 | D:5      | Reached skill level 8 in Maces & Flails
  3364 | D:5      | Reached XP level 7. HP: 41/41 MP: 7/7
  3387 | D:5      | Found Giucsom's Antique Weapon Shop.
  3436 | D:5      | Found a staircase to the Ecumenical Temple.
  3636 | D:4      | Found a shattered altar of Ashenzari.
  3638 | D:4      | Became a worshipper of Warmaster Okawaru
  4351 | D:5      | Found Qoggyewk's Assorted Antiques.
  4360 | D:5      | Bought an opal ring for 125 gold pieces
  4360 | D:5      | Bought a large diamond ring for 125 gold pieces
  4482 | D:5      | Found Maolohen's Jewellery Shop.
  4604 | D:5      | Reached skill level 9 in Maces & Flails
  4604 | D:5      | Reached skill level 1 in Invocations
  4604 | D:5      | Reached XP level 8. HP: 39/46 MP: 8/8
  4906 | D:6      | Acquired Okawaru's first power
  5151 | D:6      | Found an opulent altar of Gozag.
  5246 | D:6      | Found an ancient bone altar of Kikubaaqudgha.
  5353 | D:6      | Reached skill level 10 in Maces & Flails
  5561 | D:5      | Bought a scroll of identify for 50 gold pieces
  5561 | D:5      | Bought a scroll labeled LIBOLO RATU for 25 gold pieces
  5561 | D:5      | Bought a metallic coppery potion for 22 gold pieces
  5703 | D:7      | Reached XP level 9. HP: 49/51 MP: 12/12
  6126 | D:7      | Reached skill level 11 in Maces & Flails
  6206 | D:7      | Found a flagged portal.
  6266 | Bailey   | Entered a bailey
  6473 | Bailey   | Noticed Fluffy's ghost (experienced HOFi)
  6542 | Bailey   | Killed Fluffy's ghost
  6542 | Bailey   | Reached skill level 5 in Invocations
  6925 | Bailey   | Reached XP level 10. HP: 40/58 MP: 14/14
  7062 | Bailey   | Reached skill level 5 in Fighting
  7146 | Bailey   | Noticed an orc knight
  7174 | Bailey   | Killed an orc knight
  7174 | Bailey   | Reached skill level 5 in Armour
  7174 | Bailey   | Reached skill level 5 in Shields
  7438 | Bailey   | Noticed an orc knight
  7494 | Bailey   | Killed an orc knight
  7494 | Bailey   | Acquired Okawaru's second power
  7494 | Bailey   | Reached skill level 12 in Maces & Flails
  7575 | Bailey   | Noticed an orc knight
  7629 | Bailey   | Killed an orc knight
  8623 | D:8      | Received a gift from Okawaru
  8660 | D:8      | Reached XP level 11. HP: 49/66 MP: 15/15
  8690 | D:8      | Received a gift from Okawaru
  9657 | D:9      | Reached skill level 13 in Maces & Flails
  9799 | D:9      | Noticed Ruokin's ghost (experienced VSMo)
  9811 | D:9      | Killed Ruokin's ghost
  9942 | D:9      | Found an ancient bone altar of Kikubaaqudgha.
 10304 | D:9      | Found a staircase to the Lair.
 10366 | Lair:1   | Entered Level 1 of the Lair of Beasts
 10410 | Lair:1   | Found a frozen archway.
 10492 | IceCv    | Entered an ice cave
 10621 | IceCv    | Noticed an ice statue
 10621 | IceCv    | Noticed an ice statue
 10622 | IceCv    | Noticed an ice statue
 10635 | IceCv    | Killed an ice statue
 10996 | IceCv    | Killed an ice statue
 11316 | IceCv    | Killed an ice statue
 11481 | Lair:1   | Reached XP level 12. HP: 36/73 MP: 16/16
 11661 | Lair:1   | Received a gift from Okawaru
 12075 | Lair:1   | Reached skill level 14 in Maces & Flails
 12283 | Lair:1   | Received a gift from Okawaru
 12285 | Lair:1   | Got a warped scale mail {god gift}
 12296 | Lair:1   | Identified the +1 scale mail of Existentialism {rPois rC+ Regen+} (Okawaru gifted it to you on level 1 of the Lair of Beasts)
 12652 | Lair:2   | Noticed a five-headed hydra
 12666 | Lair:2   | Killed a five-headed hydra
 12731 | Lair:2   | Noticed a six-headed hydra
 12747 | Lair:2   | Killed a six-headed hydra
 13315 | Lair:2   | Got a translucent quarterstaff
 13321 | Lair:2   | Identified the +4 quarterstaff of Ru's Favour {freeze, *Noise rElec Str-2 Dex+4} (You found it on level 2 of the Lair of Beasts)
 13554 | Lair:3   | Noticed a death yak
 13571 | Lair:3   | Killed a death yak
 13825 | Lair:3   | Found a hole to the Spider Nest.
 13838 | Lair:3   | Reached XP level 13. HP: 77/80 MP: 19/19
 14032 | Lair:3   | Noticed Fannar
 14064 | Lair:3   | Killed Fannar
 14312 | Lair:3   | Received a gift from Okawaru
 14907 | Lair:4   | Reached skill level 15 in Maces & Flails
 14934 | Lair:4   | Found a staircase to the Shoals.
 16959 | Lair:7   | Reached skill level 10 in Shields
 16963 | Lair:7   | Reached skill level 10 in Fighting
 16978 | Lair:7   | Received a gift from Okawaru
 17102 | Lair:7   | Reached skill level 10 in Armour
 17411 | Lair:7   | Gained mutation: Your large and strong wings let you fly indefinitely. [Gargoyle growth]
 17411 | Lair:7   | Reached XP level 14. HP: 61/88 MP: 21/21
 17962 | Lair:8   | Entered Level 8 of the Lair of Beasts
 17962 | Lair:8   | Noticed Ontamu's ghost (powerful GrWz)
 18201 | Lair:7   | Reached skill level 16 in Maces & Flails
 18271 | Lair:8   | Killed Ontamu's ghost
 18436 | Lair:7   | Received a gift from Okawaru
 18715 | Lair:7   | Reached skill level 10 in Invocations
 19063 | Lair:8   | Found a staircase to the Slime Pits.
 19064 | Lair:8   | Found a viscous altar of Jiyva.
 19179 | Lair:8   | Received a gift from Okawaru
 19571 | Lair:8   | Got a transparent jade ring
 19573 | Lair:8   | Identified the ring "Hydusuw" {rF+ Dex+2} (You found it on level 8 of the Lair of Beasts)
 19733 | Lair:8   | Received a gift from Okawaru
 19734 | Lair:8   | Got a steaming robe {god gift}
 19904 | Lair:8   | Identified the +0 robe of the Slorg {+Fly rPois Stlth-} (Okawaru gifted it to you on level 8 of the Lair of Beasts)
 19910 | Lair:8   | Got a spiked leather armour
 19916 | Lair:8   | Identified the +3 leather armour "Siumoari" {Regen+ Dex+5} (You found it on level 8 of the Lair of Beasts)
 20455 | D:10     | Entered Level 10 of the Dungeon
 20679 | D:10     | Reached XP level 15. HP: 95/95 MP: 22/22
 21644 | D:11     | Noticed Psyche
 21652 | D:11     | Killed Psyche
 22054 | D:12     | Found a roughly hewn altar of Beogh.
 22153 | D:12     | Found a staircase to the Orcish Mines.
 22636 | D:12     | Found a runed door.
 22938 | Orc:1    | Entered Level 1 of the Orcish Mines
 23235 | Orc:1    | Noticed Nergalle
 23256 | Orc:1    | Noticed DEFE's ghost (powerful TeAE)
 23275 | Orc:1    | Killed Nergalle
 23304 | Orc:1    | Killed DEFE's ghost
 23556 | Orc:2    | Found a roughly hewn altar of Beogh.
 23574 | Orc:2    | Found Kynuq's Assorted Antiques.
 23583 | Orc:2    | Bought a notched ivory ring for 120 gold pieces
 23583 | Orc:2    | Bought an emerald potion for 21 gold pieces
 23583 | Orc:2    | Bought an orange potion for 21 gold pieces
 24125 | Orc:3    | Noticed Snorg
 24126 | Orc:3    | Noticed Maurice
 24138 | Orc:3    | Killed Snorg
 24144 | Orc:3    | Killed Maurice
 24460 | Orc:3    | Found a roughly hewn altar of Beogh.
 24528 | Orc:3    | Found Surye's Magic Scroll Emporium.
 24539 | Orc:3    | Bought a scroll of acquirement for 676 gold pieces
 24539 | Orc:3    | Bought a scroll of identify for 26 gold pieces
 24539 | Orc:3    | Bought a scroll of remove curse for 39 gold pieces
 24539 | Orc:3    | Bought a scroll of identify for 26 gold pieces
 24539 | Orc:3    | Bought a scroll of identify for 26 gold pieces
 24539 | Orc:3    | Bought a scroll of holy word for 97 gold pieces
 24548 | Orc:3    | Got a translucent hat
 24559 | Orc:3    | Identified the +1 hat of Birdsong {Int+3} (You acquired it on level 3 of the Orcish Mines)
 24561 | Orc:3    | Gained mutation: You are partially covered in yellow scales (AC +2). [potion of beneficial mutation]
 24670 | Orc:3    | Reached skill level 17 in Maces & Flails
 24896 | Orc:4    | Entered Level 4 of the Orcish Mines
 25289 | Orc:4    | Found a staircase to the Elven Halls.
 25493 | Orc:4    | Received a gift from Okawaru
 25699 | Orc:4    | Found Kuagrunk's Magic Scroll Shoppe.
 25733 | Orc:4    | Bought a scroll of identify for 34 gold pieces
 25733 | Orc:4    | Bought a scroll of identify for 34 gold pieces
 26119 | Orc:4    | Found Fauwulo's Gadget Shop.
 26119 | Orc:4    | Found Zoas's Gadget Shoppe.
 26301 | Orc:4    | Found Tonwab's Weapon Shop.
 26301 | Orc:4    | Found Omoth's Armour Shoppe.
 26319 | Orc:4    | Bought a wand of heal wounds (5) for 810 gold pieces
 26388 | Elf:1    | Entered Level 1 of the Elven Halls
 26505 | Elf:1    | Received a gift from Okawaru
 26899 | Elf:1    | Noticed a deep elf sorcerer
 26966 | Elf:1    | Killed a deep elf sorcerer
 27151 | Elf:1    | Received a gift from Okawaru
 27192 | Elf:1    | Reached XP level 16. HP: 84/103 MP: 23/23
 27929 | Elf:2    | Found a runed gate.
 27930 | Elf:2    | Found a runed gate.
 27935 | Elf:2    | Found a runed gate.
 27951 | Elf:2    | Received a gift from Okawaru
 28167 | Elf:2    | Found Merphy's Food Shoppe.
 29636 | Spider:1 | Entered Level 1 of the Spider Nest
 29764 | Spider:1 | Noticed Azrael
 29792 | Spider:1 | Killed Azrael
 29991 | Spider:1 | Received a gift from Okawaru
 30039 | Spider:1 | Noticed Frances
 30047 | Spider:1 | Killed Frances
 30420 | Spider:2 | Reached skill level 18 in Maces & Flails
 30499 | Spider:2 | Reached XP level 17. HP: 106/110 MP: 24/24
 30673 | Spider:2 | Noticed Aizul
 30696 | Spider:2 | Killed Aizul
 30745 | Spider:2 | Received a gift from Okawaru
 30769 | Spider:2 | Noticed Asterion
 30784 | Spider:2 | Killed Asterion
 31492 | Spider:3 | Received a gift from Okawaru
 31682 | Spider:3 | Gained mutation: You are partially covered in thin metallic scales (AC +2). [potion of beneficial mutation]
 32220 | Spider:4 | Entered Level 4 of the Spider Nest
 32668 | Spider:4 | Noticed Arachne
 32685 | Spider:4 | Killed Arachne
 32700 | Spider:4 | Received a gift from Okawaru
 32892 | Spider:4 | Reached skill level 15 in Shields
 32934 | Spider:4 | Reached XP level 18. HP: 86/118 MP: 18/25
 32970 | Spider:4 | Got a gossamer rune of Zot
 32985 | Spider:4 | Reached skill level 15 in Fighting
 33081 | Spider:4 | Received a gift from Okawaru
 33107 | Spider:4 | Got a dazzling flail {god gift}
 33108 | Spider:4 | Identified the +2 flail of Kismet {distort, rElec rC- rN++ Str+3} (Okawaru gifted it to you on level 4 of the Spider Nest)
 33190 | Spider:4 | Reached skill level 15 in Armour
 33820 | Shoals:1 | Entered Level 1 of the Shoals
 33950 | Shoals:1 | Found Qilor Qata's General Store.
 33958 | Shoals:1 | Bought a potion of heal wounds for 60 gold pieces
 33958 | Shoals:1 | Bought a scroll of identify for 24 gold pieces
 34120 | Shoals:1 | Received a gift from Okawaru
 34121 | Shoals:1 | Got a transparent ring mail {god gift}
 34132 | Shoals:1 | Identified the +1 ring mail "Cikykk" {Int+3 Dex+2} (Okawaru gifted it to you on level 1 of the Shoals)
 34686 | Shoals:2 | Reached skill level 19 in Maces & Flails
 34851 | Shoals:2 | Learned a level 2 spell: Shroud of Golubria
 35562 | Shoals:3 | Noticed Louise
 35574 | Shoals:3 | Killed Louise
 36344 | Shoals:4 | Entered Level 4 of the Shoals
 36807 | Shoals:4 | HP: 3/120 [kraken (15)]
 37009 | Shoals:4 | Noticed Ilsuiw
 37048 | Shoals:3 | Reached XP level 19. HP: 62/125 MP: 26/26
 37080 | Shoals:3 | Received a gift from Okawaru
 37276 | Shoals:4 | Killed Ilsuiw
 37794 | Shoals:4 | Received a gift from Okawaru
 38031 | Shoals:4 | Got a barnacled rune of Zot
 38624 | Lair:1   | Learned a level 1 spell: Apportation
 39185 | D:13     | Found a sparkling altar of Nemelex Xobeh.
 39650 | D:14     | Noticed Rupert
 39692 | D:14     | Killed Rupert
 39696 | D:14     | Found a gate to the Vaults.
 40390 | D:15     | Entered Level 15 of the Dungeon
 40398 | D:15     | Noticed Sonja
 40416 | D:15     | Killed Sonja
 40437 | D:15     | Received a gift from Okawaru
 40569 | D:15     | Found a staircase to the Depths.
 40852 | D:15     | Found a shadowy altar of Dithmenos.
 41029 | D:15     | Noticed Agnes
 41042 | D:15     | Killed Agnes
 41341 | Vaults:1 | Entered Level 1 of the Vaults
 41468 | Vaults:1 | Received a gift from Okawaru
 41559 | Vaults:1 | Reached XP level 20. HP: 83/133 MP: 27/27
 41683 | Vaults:1 | Identified a +0 pair of boots of running (Okawaru gifted it to you on level 1 of the Vaults)
 41873 | Vaults:1 | Reached skill level 20 in Maces & Flails
 42222 | Vaults:1 | Found Peseane's Book Boutique.
 42268 | Vaults:1 | Found Hacwul's Gadget Shoppe.
 43181 | Vaults:2 | Received a gift from Okawaru
 43631 | Vaults:2 | Found a staircase to the Crypt.
 43777 | Vaults:2 | Received a gift from Okawaru
 44203 | Vaults:3 | Received a gift from Okawaru
 44721 | Vaults:3 | Found Hych's Antique Armour Shoppe.
 44834 | Vaults:3 | Reached XP level 21. HP: 103/140 MP: 28/28
 45210 | Vaults:3 | Received a gift from Okawaru
 46253 | Vaults:4 | Received a gift from Okawaru
 46646 | Vaults:4 | Received a gift from Okawaru
 46951 | Crypt:1  | Entered Level 1 of the Crypt
 47498 | Crypt:1  | Noticed a greater mummy
 47502 | Crypt:1  | Noticed Khufu
 47533 | Crypt:1  | Killed a greater mummy
 47544 | Crypt:1  | Killed Khufu
 47544 | Crypt:1  | Reached skill level 21 in Maces & Flails
 47857 | Crypt:1  | Received a gift from Okawaru
 47857 | Crypt:1  | Reached XP level 22. HP: 148/148 MP: 29/29
 48371 | Crypt:2  | Noticed Margery
 48412 | Crypt:2  | Killed Margery
 49398 | Crypt:3  | Entered Level 3 of the Crypt
 49578 | Crypt:3  | Received a gift from Okawaru
 49786 | Crypt:3  | Noticed Wiglaf
 49797 | Crypt:3  | Killed Wiglaf
 49910 | Crypt:3  | Noticed Mara
 49914 | Crypt:3  | Noticed mefis231's illusion
 50164 | Crypt:3  | Noticed Donald
 50174 | Crypt:3  | Killed Donald
 50236 | Crypt:3  | Got a pitted wooden ring
 50238 | Crypt:3  | Identified the ring "Eschureru" {*Confuse rPois MR+ Int+3 SInv} (You found it on level 3 of the Crypt)
 50449 | Crypt:3  | Noticed an ancient lich
 50449 | Crypt:3  | Noticed an ancient lich
 50667 | Crypt:3  | Found an ancient bone altar of Kikubaaqudgha.
 50921 | Crypt:3  | Killed an ancient lich
 50921 | Crypt:3  | Received a gift from Okawaru
 50932 | Crypt:3  | Killed an ancient lich
 51186 | Crypt:3  | Noticed mefis231's illusion
 51195 | Crypt:3  | Killed Mara
 51195 | Crypt:3  | Reached XP level 23. HP: 142/155 MP: 23/30
 51238 | Crypt:3  | Found a staircase to the Tomb.
 52156 | D:11     | Received a gift from Okawaru
 52157 | D:11     | Got a translucent crystal plate armour {god gift}
 52168 | D:11     | Identified the +13 crystal plate armour of Immorality {rElec MR+ Dex+4} (Okawaru gifted it to you on level 11 of the Dungeon)
 52542 | Elf:3    | Entered Level 3 of the Elven Halls
 52602 | Elf:3    | Noticed l0ser140's ghost (mighty KoEn)
 52622 | Elf:3    | Killed l0ser140's ghost
 52663 | Elf:3    | Found Gizuhisi's Antique Weapon Shoppe.
 52704 | Elf:3    | Found Jowausk's Book Shoppe.
 52726 | Elf:3    | Found Yfresho's Antique Armour Shoppe.
 52742 | Elf:3    | Bought a pair of dazzling gloves for 266 gold pieces
 52752 | Elf:3    | Identified the +0 pair of gloves of Sunlight {Str+4} (You bought it in a shop on level 3 of the Elven Halls)
 52770 | Elf:3    | Found Mal Pom's Armour Shop.
 52782 | Elf:3    | Found Qaetoy's General Store.
 52791 | Elf:3    | Bought a scroll of identify for 38 gold pieces
 52791 | Elf:3    | Bought 2 potions of curing for 114 gold pieces
 52791 | Elf:3    | Bought a potion of heal wounds for 95 gold pieces
 53145 | Elf:3    | Reached skill level 22 in Maces & Flails
 53170 | Elf:3    | Got a steaming glass ring
 53523 | Elf:3    | Got a sparkling sapphire amulet
 53641 | Elf:3    | Got a faintly glowing morningstar
 53684 | Elf:3    | Got a twitching marble ring
 53686 | Elf:3    | Identified the ring "Xiureheru" {rN+ MR+} (You took it off a deep elf annihilator on level 3 of the Elven Halls)
 53688 | Elf:3    | Identified the ring "Cobytigg" {Int+3 Stlth-} (You found it on level 3 of the Elven Halls)
 53761 | Elf:3    | Learned a level 2 spell: Blink
 53781 | Elf:3    | Identified the +11 morningstar "Qias" {vamp, +Fly} (You took it off a deep elf conjurer on level 3 of the Elven Halls)
 53785 | Elf:3    | Got a slimy rapier
 53936 | Elf:3    | Identified the amulet of Luluum {Spirit Str+4} (You took it off a deep elf knight on level 3 of the Elven Halls)
 54650 | Depths:1 | Entered Level 1 of the Depths
 54815 | Depths:1 | Noticed Norris
 54836 | Depths:1 | Killed Norris
 54836 | Depths:1 | Received a gift from Okawaru
 54989 | Depths:1 | Found Lazxaexe's Assorted Antiques.
 54994 | Depths:1 | Bought a potion of curing for 132 gold pieces
 54994 | Depths:1 | Bought a scroll of identify for 88 gold pieces
 54994 | Depths:1 | Bought a runed cloak for 198 gold pieces
 55108 | Depths:1 | Found a gateway to Hell.
 55289 | Depths:1 | Received a gift from Okawaru
 55833 | Hell     | Entered the Vestibule of Hell
 55833 | Hell     | Noticed Geryon
 56100 | Hell     | Reached XP level 24. HP: 130/163 MP: 27/30
 56201 | Hell     | Killed Geryon
 56405 | Hell     | Found a gateway to the decaying netherworld of Tartarus.
 56739 | Hell     | Found a gateway to the freezing wastes of Cocytus.
 56898 | Hell     | Received a gift from Okawaru
 56899 | Hell     | Got a faintly glowing morningstar {god gift}
 57087 | Hell     | Identified the +1 morningstar "Haehiduf" {crush, rC++} (Okawaru gifted it to you in the Vestibule of Hell)
 57140 | Hell     | Found a gateway to the Iron City of Dis.
 57232 | Hell     | Found a gateway to the ashen valley of Gehenna.
 57449 | Depths:2 | Found a flickering gateway to a bazaar.
 57459 | Bazaar   | Entered a bazaar
 57459 | Bazaar   | Found Deunawy's General Store.
 57459 | Bazaar   | Found Guxer's Antique Armour Shoppe.
 57459 | Bazaar   | Found Melis's Antique Armour Emporium.
 57467 | Bazaar   | Bought a scroll of holy word for 90 gold pieces
 57469 | Bazaar   | Bought a shiny helmet for 130 gold pieces
 57475 | Bazaar   | Bought a pair of warped boots for 332 gold pieces
 57487 | Bazaar   | Identified the +0 pair of boots of Intercession {rF- MR- Str+4 Int+7} (You bought it in a shop in a bazaar)
 57793 | Depths:2 | Found a runed door.
 58324 | Depths:2 | Received a gift from Okawaru
 58337 | Depths:2 | Got an encrusted flail {god gift}
 58524 | Depths:2 | Found a runed door.
 58663 | Depths:2 | Noticed Mennas
 58664 | Depths:2 | Found a glowing silver altar of Zin.
 58703 | Depths:2 | Found a runed door.
 58779 | Depths:2 | Found a runed door.
 58782 | Depths:2 | Found a runed door.
 58863 | Depths:2 | Killed Mennas
 58909 | Depths:2 | Identified the +2 flail of Impermanence {crush, *Rage +Blink +Fly rC+} (Okawaru gifted it to you on level 2 of the Depths)
 59058 | Depths:3 | Found a gateway to a ziggurat.
 59397 | Depths:3 | Received a gift from Okawaru
 59577 | Depths:3 | Found a one-way gate leading to the halls of Pandemonium.
 60011 | Depths:3 | Reached XP level 25. HP: 171/171 MP: 30/30
 60139 | Depths:3 | Reached skill level 23 in Maces & Flails
 60331 | Depths:3 | Gained mutation: You are partially covered in molten scales (AC +1). [potion of beneficial mutation]
 60482 | Depths:3 | Received a gift from Okawaru
 60548 | Depths:3 | Got a pair of slimy boots
 60559 | Depths:3 | Identified the +2 pair of boots of the Cockroach {-Cast rElec rPois Dex+4} (You acquired it on level 3 of the Depths)
 60632 | Depths:3 | Noticed Boris
 60639 | Depths:3 | Killed Boris
 60762 | Depths:3 | Received a gift from Okawaru
 61337 | Depths:3 | Gained mutation: Your spells are a little harder to cast, but a little more powerful. [potion of beneficial mutation]
 61539 | Depths:3 | Received a gift from Okawaru
 61540 | Depths:3 | Got a faintly humming hat {god gift}
 61551 | Depths:3 | Identified the +2 hat "Math" {MR+ Regen+} (Okawaru gifted it to you on level 3 of the Depths)
 63062 | Depths:4 | Noticed Boris
 63108 | Depths:3 | Killed Boris
 63108 | Depths:3 | Reached XP level 26. HP: 137/179 MP: 30/30
 63376 | Depths:4 | Received a gift from Okawaru
 63598 | Depths:3 | Got a crude dire flail {god gift}
 63884 | Depths:4 | Received a gift from Okawaru
 63997 | Depths:4 | Found a one-way gate to the infinite horrors of the Abyss.
 64232 | Depths:4 | Got a heavily runed silver ring
 64234 | Depths:4 | Identified the ring of False Pretenses {Wiz MR+ Int+3 Dex+4} (You found it on level 4 of the Depths)
 64331 | Hell     | Identified the +4 dire flail "Ucihyav" {holy, Dex+2} (Okawaru gifted it to you on level 3 of the Depths)
 64369 | Depths:5 | Entered Level 5 of the Depths
 64649 | Depths:5 | Found a runed door.
 65171 | Depths:5 | Found a gate to the Realm of Zot.
 65173 | Depths:5 | Upgraded the game from 0.17-a0-1078-g243345b to 0.17-a0-1093-g0b3cd89
 65717 | D:5      | Bought an uncursed amulet of resist mutation for 400 gold pieces
 66759 | Slime:1  | Entered Level 1 of the Pits of Slime
 66772 | Slime:1  | Reached XP level 27. HP: 188/188 MP: 30/30
 66989 | Slime:6  | Entered Level 6 of the Pits of Slime
 67104 | Slime:6  | Gained mutation: You passively map a small area around you. [a shining eye]
 67611 | Slime:6  | Found a viscous altar of Jiyva.
 67746 | Slime:6  | Noticed the royal jelly
 67793 | Slime:6  | Killed the royal jelly
 67793 | Slime:6  | Received a gift from Okawaru
 67793 | Slime:6  | Reached skill level 24 in Fighting
 67963 | Slime:6  | Got a shimmering silver ring
 67965 | Slime:6  | Identified the ring "Sacetefi" {rPois Int+3 Slay+2} (You found it on level 6 of the Pits of Slime)
 67979 | Slime:6  | Got a slimy rune of Zot
 68025 | Slime:6  | Got a brightly glowing dire flail
 68031 | Slime:6  | Identified the +4 dire flail "Buutitan" {venom, Stlth+} (You found it on level 6 of the Pits of Slime)
 68042 | Slime:6  | Got a translucent copper ring
 68044 | Slime:6  | Identified the ring "Wynuzah" {*Corrode +Fly Int+6} (You found it on level 6 of the Pits of Slime)
 68048 | Slime:6  | Got a smoking steel ring
 68049 | Slime:6  | Identified the ring of Nomi Gext {rElec rPois MP+9 Str+2 Stlth-} (You found it on level 6 of the Pits of Slime)
 68717 | Temple   | Entered the Ecumenical Temple
 68982 | D:2      | Fell from the grace of Okawaru
 68982 | D:2      | Became a worshipper of the Shining One
 69072 | D:3      | Noticed Viceroy's ghost (average MiFi)
 69074 | D:3      | Killed Viceroy's ghost
 69887 | Orc:3    | Bought a scroll of enchant weapon for 97 gold pieces
 69971 | Orc:4    | Bought a scroll of enchant weapon for 127 gold pieces
 70373 | Depths:4 | Voluntarily entered the Abyss.
 70927 | Abyss:1  | Acquired the Shining One's first power
 71397 | Abyss:1  | Acquired the Shining One's second power
 71499 | Abyss:1  | Paralysed by accursed screaming for 1 turns
 71918 | Abyss:1  | Acquired the Shining One's third power
 72245 | Abyss:1  | Acquired the Shining One's fourth power
 72282 | Abyss:1  | Found a roughly hewn altar of Beogh.
 72530 | Abyss:1  | Reached skill level 25 in Fighting
 73004 | Abyss:2  | Found a shimmering altar of Xom.
 73023 | Abyss:2  | Found a corrupted altar of Lugonu.
 73067 | Abyss:2  | Found a corrupted altar of Lugonu.
 74138 | Abyss:4  | Noticed an ancient lich
 74148 | Abyss:4  | Killed an ancient lich
 74273 | Abyss:4  | Found a corrupted altar of Lugonu.
 74296 | Abyss:4  | Got an ominously black robe
 74542 | Abyss:4  | Reached skill level 26 in Fighting
 74559 | Abyss:4  | Paralysed by accursed screaming for 2 turns
 74567 | Abyss:4  | Paralysed by accursed screaming for 2 turns
 74576 | Abyss:4  | Paralysed by accursed screaming for 2 turns
 74594 | Abyss:4  | Paralysed by accursed screaming for 1 turns
 74599 | Abyss:4  | Paralysed by accursed screaming for 1 turns
 74654 | Abyss:4  | Got an abyssal rune of Zot
 75373 | Abyss:4  | Paralysed by accursed screaming for 1 turns
 75578 | Depths:4 | Escaped the Abyss
 75579 | Depths:4 | Upgraded the game from 0.17-a0-1093-g0b3cd89 to 0.17-a0-1105-gbe8b664
 75582 | Depths:4 | Identified the +1 robe of the Pink Corner {rPois rC- rCorr Int+5} (You found it on level 4 of the Abyss)
 76185 | Vaults:5 | Entered Level 5 of the Vaults
 76185 | Vaults:5 | Noticed Sojobo
 76228 | Vaults:5 | Noticed an ancient lich
 76256 | Vaults:5 | Killed an ancient lich
 76378 | Vaults:5 | Reached skill level 27 in Fighting
 76452 | Vaults:5 | Got a brightly glowing war axe
 76465 | Vaults:5 | Got a wavering copper ring
 76768 | Vaults:5 | Got a translucent lapis lazuli ring
 76792 | Vaults:5 | Got a bound copper ring
 76793 | Vaults:5 | Got a fine broad axe
 76812 | Vaults:5 | Identified the +9 broad axe "Nink" {pain, rElec} (You took it off a fire giant on level 5 of the Vaults)
 77096 | Vaults:5 | Killed Sojobo
 77129 | Vaults:5 | Was forgiven by Okawaru
 77388 | Vaults:5 | Noticed an ancient lich
 77394 | Vaults:5 | Killed an ancient lich
 77400 | Vaults:5 | Identified the ring of Bavunyr {rElec rF+ Dex+7 Slay+3} (You took it off a vault guard on level 5 of the Vaults)
 77402 | Vaults:5 | Identified the ring "Ycoz" {Fire *Corrode rElec SInv Stlth+} (You took it off a deep elf conjurer on level 5 of the Vaults)
 77404 | Vaults:5 | Identified the ring of Gluttony {*Contam rPois rN+ Int+5 SInv} (You took it off a fire giant on level 5 of the Vaults)
 77548 | Vaults:5 | Identified the +9 war axe "Wonijudol" {flame, *Corrode Str+7 Int+4 SInv} (You took it off a deep elf annihilator on level 5 of the Vaults)
 77624 | Vaults:5 | Got a heavily runed granite ring
 77630 | Vaults:5 | Got a silver rune of Zot
 77668 | Vaults:5 | Got an encrusted whip
 77671 | Vaults:5 | Identified the ring of Jaesac {Str+2 Stlth+} (You found it on level 5 of the Vaults)
 77688 | Vaults:5 | Identified the +4 whip of the Ancients {speed, +Blink MR+ Int+3} (You found it on level 5 of the Vaults)
 77700 | Vaults:5 | Identified Sif Muna's Volume of the Excruciating Arsonist
 77917 | Vaults:5 | Got a shimmering robe
 78166 | Vaults:5 | Identified the cursed +1 robe of the Gloaming {Str+4} (You took it off a deep elf demonologist on level 5 of the Vaults)
 78668 | Zot:1    | Entered Level 1 of the Realm of Zot
 79366 | Zot:1    | You are sucked into a shaft!
 79788 | Zot:2    | Reached skill level 27 in Armour
 79803 | Zot:2    | Reached skill level 15 in Invocations
 80300 | Zot:3    | Noticed an orb of fire
 80310 | Zot:3    | Killed an orb of fire
 83354 | Hell     | Learned a level 2 spell: Swiftness
 83360 | Hell     | Learned a level 5 spell: Lee's Rapid Deconstruction
 83946 | Tomb:1   | Entered Level 1 of the Tomb of the Ancients
 84093 | Tomb:1   | Reached skill level 1 in Spellcasting
 84093 | Tomb:1   | Reached skill level 1 in Translocations
 84098 | Tomb:1   | Reached skill level 1 in Throwing
 84216 | Tomb:1   | Noticed an ancient lich
 84225 | Tomb:1   | Killed an ancient lich
 84774 | Tomb:2   | Noticed an ancient lich
 84943 | Tomb:2   | Killed an ancient lich
 84943 | Tomb:2   | Reached skill level 5 in Throwing
 84959 | Tomb:1   | Reached skill level 5 in Spellcasting
 85429 | Tomb:2   | Reached skill level 5 in Translocations
 85441 | Tomb:3   | Entered Level 3 of the Tomb of the Ancients
 85468 | Tomb:3   | Noticed an ancient lich
 85592 | Tomb:3   | Killed an ancient lich
 86026 | Tomb:3   | Got an ancient lajatang
 86234 | Tomb:3   | Got a golden rune of Zot
 86289 | Tomb:3   | Got a steaming hat
 86300 | Tomb:3   | Identified the +3 hat of the Blue Skies {+Inv Regen+} (You acquired it on level 3 of the Tomb of the Ancients)
 86474 | Tomb:3   | Identified the cursed +1 lajatang of Defence by Offence {venom, rN+ Dex+2} (You found it on level 3 of the Tomb of the Ancients)
 87267 | Zot:5    | Entered Level 5 of the Realm of Zot
 87442 | Zot:5    | Noticed an ancient lich
 87458 | Zot:5    | Killed an ancient lich
 87485 | Zot:5    | Noticed an ancient lich
 87499 | Zot:5    | Killed an ancient lich
 87570 | Zot:5    | Reached skill level 10 in Throwing
 87895 | Zot:5    | Noticed an orb of fire
 87911 | Zot:5    | Killed an orb of fire
 87997 | Zot:5    | Noticed an orb of fire
 87999 | Zot:5    | Noticed an orb of fire
 88010 | Zot:5    | Killed an orb of fire
 88022 | Zot:5    | Killed an orb of fire
 88038 | Zot:5    | Reached skill level 10 in Spellcasting
 88108 | Zot:5    | Noticed an ancient lich
 88261 | Zot:5    | Killed an ancient lich
 88261 | Zot:5    | Reached skill level 10 in Translocations
 90296 | Zig:1    | Entered Level 1 of a ziggurat
 90314 | Zig:2    | Entered Level 2 of a ziggurat
 90334 | Zig:3    | Entered Level 3 of a ziggurat
 90365 | Zig:4    | Entered Level 4 of a ziggurat
 90415 | Zig:5    | Entered Level 5 of a ziggurat
 90458 | Zig:5    | Got a clouded zirconium amulet
 90465 | Zig:5    | Identified the amulet of Ylayf {+Rage rElec rC- Dex+4} (You found it on level 5 of a ziggurat)
 90471 | Zig:6    | Entered Level 6 of a ziggurat
 90474 | Zig:6    | Noticed an ancient lich
 90489 | Zig:6    | Killed an ancient lich
 90523 | Zig:6    | Learned a level 2 spell: Repel Missiles
 90530 | Zig:6    | Learned a level 6 spell: Iron Shot
 90536 | Zig:7    | Entered Level 7 of a ziggurat
 90696 | Zig:7    | Identified Sif Muna's Catalogue of Creative Confrontation
 90704 | Zig:8    | Entered Level 8 of a ziggurat
 90780 | Zig:8    | Got a pitted amber ring
 90784 | Zig:8    | Got an ancient tin ring
 90787 | Zig:8    | Identified the ring "Hatiegge" {rPois rN++ MP+9 Dex-3 SInv} (You found it on level 8 of a ziggurat)
 90789 | Zig:8    | Identified the ring of Zouk {MR+ MP+9 Str+3 Dex+3 Slay+3} (You found it on level 8 of a ziggurat)
 90791 | Zig:8    | Got a heavily runed turquoise ring
 90793 | Zig:8    | Identified the ring "Voboqyic" {-Tele rF+ rN+ Int+2 Dex+3} (You found it on level 8 of a ziggurat)
 90802 | Zig:8    | Got a transparent chain mail
 90803 | Zig:8    | Identified the +5 chain mail of Minor Irritation {rC++ Int+3 Stlth+} (You found it on level 8 of a ziggurat)
 90816 | Zig:9    | Entered Level 9 of a ziggurat
 90910 | Zig:9    | Identified a +7 rod of the swarm (13/13) (You found it on level 9 of a ziggurat)
 90969 | Zig:10   | Entered Level 10 of a ziggurat
 91081 | Zig:10   | Identified the Collected Works on Attacks
 91094 | Zig:10   | Got a slimy pewter ring
 91103 | Zig:10   | Identified the ring of Qiurphyl {rPois MR+} (You found it on level 10 of a ziggurat)
 91112 | Zig:11   | Entered Level 11 of a ziggurat
 91205 | Zig:11   | Identified the Compendium of Translocation
 91224 | Zig:12   | Entered Level 12 of a ziggurat
 91388 | Zig:12   | Got an ancient golden ring
 91390 | Zig:12   | Identified the ring of Xom's Wrath {rPois rN+ Str-5 Dex+3 SInv} (You found it on level 12 of a ziggurat)
 91422 | Zig:13   | Entered Level 13 of a ziggurat
 91434 | Zig:13   | Noticed Guill the pandemonium lord
 91438 | Zig:13   | Noticed Efaufob the pandemonium lord
 91441 | Zig:13   | Killed Guill the pandemonium lord
 91442 | Zig:13   | Noticed Mumon the pandemonium lord
 91449 | Zig:13   | Noticed Gaihaph the pandemonium lord
 91453 | Zig:13   | Killed Efaufob the pandemonium lord
 91462 | Zig:13   | Killed Mumon the pandemonium lord
 91463 | Zig:13   | Noticed Edoff the pandemonium lord
 91464 | Zig:13   | Paralysed by a giant eyeball for 3 turns
 91478 | Zig:13   | Killed Edoff the pandemonium lord
 91478 | Zig:13   | Paralysed by a giant eyeball for 2 turns
 91483 | Zig:13   | Killed Gaihaph the pandemonium lord
 91587 | Zig:13   | Got a slimy lapis lazuli ring
 91589 | Zig:13   | Identified the ring "Adghos" {Str+6 Stlth-} (You found it on level 13 of a ziggurat)
 91595 | Zig:13   | Got a fine wooden ring
 91596 | Zig:13   | Identified the ring of Zaweocw {+Fly rElec rF- MR+ Dex+3} (You found it on level 13 of a ziggurat)
 91624 | Zig:13   | Identified the Tome of Fiery Confrontation (You found it on level 13 of a ziggurat)
 91730 | Zig:14   | Entered Level 14 of a ziggurat
 91750 | Zig:14   | Noticed an ancient lich
 91761 | Zig:14   | Paralysed by accursed screaming for 1 turns
 91774 | Zig:14   | Killed an ancient lich
 91774 | Zig:14   | Paralysed by accursed screaming for 1 turns
 91944 | Hell     | Upgraded the game from 0.17-a0-1105-gbe8b664 to 0.17-a0-1115-g0372368
 92003 | Pan      | Entered Pandemonium
 92029 | Pan      | Found an exit through the horrors of the Abyss.
 92060 | Pan      | Noticed Donafe the pandemonium lord
 92075 | Pan      | Killed Donafe the pandemonium lord
 92182 | Pan      | Got a faintly humming hat
 92193 | Pan      | Identified the +2 hat of Idealism {Int+4 Slay+5} (You acquired it in Pandemonium)
 92604 | Pan      | Found an exit through the horrors of the Abyss.
 92777 | Pan      | Noticed Hit Amn the pandemonium lord
 92790 | Pan      | Killed Hit Amn the pandemonium lord
 93310 | Pan      | Reached skill level 15 in Throwing
 93513 | Pan      | Found a gateway to a ziggurat.
 93531 | Zig:1    | Entered Level 1 of a ziggurat
 93544 | Zig:2    | Entered Level 2 of a ziggurat
 93575 | Zig:3    | Entered Level 3 of a ziggurat
 93600 | Zig:4    | Entered Level 4 of a ziggurat
 93634 | Zig:4    | Reached skill level 15 in Spellcasting
 93652 | Zig:5    | Entered Level 5 of a ziggurat
 93711 | Zig:6    | Entered Level 6 of a ziggurat
 93784 | Zig:7    | Entered Level 7 of a ziggurat
 93831 | Zig:7    | Got a twitching ivory ring
 93833 | Zig:7    | Identified the ring "Gaxtaxoo" {*Confuse rElec MR+ Str+3} (You found it on level 7 of a ziggurat)
 93877 | Zig:8    | Entered Level 8 of a ziggurat
 93886 | Zig:8    | Noticed an orb of fire
 93907 | Zig:8    | Killed an orb of fire
 93907 | Zig:8    | Reached skill level 1 in Earth Magic
 94139 | Zig:8    | Got a crude ivory ring
 94141 | Zig:8    | Identified the ring of Orofizou {MR+ MP+9} (You found it on level 8 of a ziggurat)
 94151 | Zig:9    | Entered Level 9 of a ziggurat
 94240 | Zig:9    | Identified the Compendium of Quantum Enhancements
 94258 | Zig:9    | Identified the Reference Book on Transformation
 94270 | Zig:10   | Entered Level 10 of a ziggurat
 94301 | Zig:10   | Noticed an orb of fire
 94310 | Zig:10   | Noticed an orb of fire
 94314 | Zig:10   | Killed an orb of fire
 94335 | Zig:10   | Killed an orb of fire
 94656 | Zig:10   | Identified Borgnjor's Catalogue of Sinister Rites (You found it on level 10 of a ziggurat)
 94669 | Zig:11   | Entered Level 11 of a ziggurat
 94699 | Zig:11   | Reached skill level 1 in Dodging
 94707 | Zig:11   | Reached skill level 5 in Earth Magic
 94829 | Zig:11   | Got an ominously black robe
 94840 | Zig:11   | Identified the cursed +1 robe "Guashoel" {-Cast rPois Int+5} (You found it on level 11 of a ziggurat)
 94880 | Zig:12   | Entered Level 12 of a ziggurat
 95316 | Zig:12   | Identified the Papyrus of Combat Magic and Good Luck (You found it on level 12 of a ziggurat)
 95348 | Zig:12   | Got a warped ivory ring
 95350 | Zig:12   | Identified the ring "Wauhu" {+/*Tele rElec Int+2} (You found it on level 12 of a ziggurat)
 95360 | Zig:13   | Entered Level 13 of a ziggurat
 95624 | Zig:13   | Got a fine lead ring
 95626 | Zig:13   | Identified the ring "Idghan Kita" {Ice rElec Dex-4 Slay+5 Stlth+} (You found it on level 13 of a ziggurat)
 95634 | Zig:13   | Got a jewelled plate armour
 95635 | Zig:13   | Identified the +0 plate armour of the Onion {*Confuse rPois MP+9 Str+6} (You found it on level 13 of a ziggurat)
 95760 | Zig:14   | Entered Level 14 of a ziggurat
 95842 | Zig:14   | Reached skill level 5 in Dodging
 95900 | Zig:14   | Identified the Incunabulum of Flight and Combat Magic (You found it on level 14 of a ziggurat)
 95912 | Zig:14   | Got a translucent crystal plate armour
 95913 | Zig:14   | Identified the +11 crystal plate armour of Juguo {-Cast rC++ rN+ Int+4} (You acquired it on level 14 of a ziggurat)
 95917 | Zig:14   | Identified a +4 rod of clouds (12/12) (You found it on level 14 of a ziggurat)
 95925 | Zig:14   | Learned a level 2 spell: Stoneskin
 95945 | Zig:15   | Entered Level 15 of a ziggurat
 96082 | Zig:15   | Learned a level 1 spell: Summon Butterflies
 96120 | Zig:15   | Got a clouded sapphire amulet
 96121 | Zig:15   | Identified the amulet of Finality {rMut Str+4 Stlth+} (You found it on level 15 of a ziggurat)
 96192 | Zig:16   | Entered Level 16 of a ziggurat
 96231 | Zig:16   | Reached skill level 10 in Dodging
 96610 | Zig:16   | Identified the Handbook of the Entourage
 96616 | Zig:16   | Identified Lonatin's Compendium of Freezing Conjuration (You found it on level 16 of a ziggurat)
 96639 | Zig:17   | Entered Level 17 of a ziggurat
 96853 | Zig:17   | Learned a level 9 spell: Shatter
 96876 | Zig:17   | Gained mutation: You passively map the area around you. [potion of beneficial mutation]
 96880 | Zig:17   | Identified Ongiponk's Reference Book on Combat Magic and Weightlessness
 96912 | Zig:18   | Entered Level 18 of a ziggurat
 96964 | Zig:18   | Noticed an ancient lich
 96985 | Zig:18   | Killed an ancient lich
 96986 | Zig:18   | Noticed an ancient lich
 96996 | Zig:18   | Reached skill level 10 in Earth Magic
 97000 | Zig:18   | Killed an ancient lich
 97410 | Zig:19   | Entered Level 19 of a ziggurat
 97678 | Zig:19   | Identified Dyemaero's Thorough Guide to Theurgy
 97698 | Zig:19   | Got a twitching pewter amulet
 97699 | Zig:19   | Identified the amulet "Edaimun" {Clar Int+7} (You found it on level 19 of a ziggurat)
 97720 | Zig:19   | Got a faintly glowing lead amulet
 97721 | Zig:19   | Identified the amulet of Jextalell {rCorr Dex+2} (You found it on level 19 of a ziggurat)
 97746 | Zig:20   | Entered Level 20 of a ziggurat
 98270 | Zig:20   | Got a pitted brass ring
 98271 | Zig:20   | Identified the ring "Usus Fur" {*Corrode rElec MR+++ AC+2 Int+3} (You found it on level 20 of a ziggurat)
 98288 | Zig:20   | Identified Mocuogi's Disquisition on Ensnaring Blows and Bruises
 98305 | Zig:21   | Entered Level 21 of a ziggurat
 98564 | Zig:21   | Got a coiled marble ring
 98565 | Zig:21   | Identified the ring of Jowunoom {rElec MP+9 Str-2 Int-3 SInv} (You found it on level 21 of a ziggurat)
 98575 | Zig:21   | Got a glittering lead ring
 98576 | Zig:21   | Identified the ring "Asiss" {MR+ Str+4} (You found it on level 21 of a ziggurat)
 98592 | Zig:21   | Got a flickering brass ring
 98593 | Zig:21   | Identified the ring "Gaicoruc" {rC+ MR+ Str+7} (You found it on level 21 of a ziggurat)
 98632 | Zig:22   | Entered Level 22 of a ziggurat
 99030 | Zig:22   | Got a shimmering iron ring
 99031 | Zig:22   | Identified the ring of Ariah {*Confuse rPois rC+ MR+++ MP+9} (You found it on level 22 of a ziggurat)
 99056 | Zig:23   | Entered Level 23 of a ziggurat
 99561 | Zig:23   | Identified the Compendium of Conjuration and Snow
 99564 | Zig:23   | Got a twitching silver ring
 99565 | Zig:23   | Identified the ring of the Scavenger {Ice rN+ MR+ Str+4 Stlth-} (You found it on level 23 of a ziggurat)
 99577 | Zig:23   | Identified Gausafoo's Compendium of Destructive Ice
 99583 | Zig:23   | Got a steaming cloak
 99594 | Zig:23   | Identified the +0 cloak of the Blizzard {rC+ Regen+ Int+4} (You acquired it on level 23 of a ziggurat)
 99639 | Zig:24   | Entered Level 24 of a ziggurat
 99663 | Zig:24   | Noticed Jaykaqim the pandemonium lord
 99704 | Zig:24   | Killed Jaykaqim the pandemonium lord
 99749 | Zig:24   | Noticed Ojemmolisi the pandemonium lord
 99759 | Zig:24   | Killed from afar by Ojemmolisi the pandemonium lord

Vault maps used:
D:1:      dpeg_arrival_connections
D:2:      nicolae_tso_carved_into_rock, old_standard_altar
D:3:      minmay_misc_feat_ornament, kennysheep_crisscross
D:4:      nicolae_overflow_hidden_temple
D:5:      minmay_temple_entry_fiery, serial_shops, nicolae_shop_behind_doors,
          nicolae_shop_trees, shop, first_bread, grunt_decor_resistance,
          kennysheep_small_circle
D:6:      kennysheep_mini, kennysheep_vampire_church, grunt_ministairs_10
D:7:      enter_bailey_3, kennysheep_generic_room_9
D:8:      erik_1
D:9:      grunt_lair_entry_elf_guard_hut, basic_altar
D:11:     uniq_psyche
D:12:     david_orc_5, hangedman_tell_no_tales, minmay_misc_feat_doors
D:13:     nemelex_xobeh_ov_fountains_minmay
D:14:     david_vaults_3, nicolae_two_hexagons, abandoned_shop
D:15:     grunt_enter_depths_magical_seal, minmay_misc_feat_roman,
          roderic_bali_sauvastika, grunt_dithmenos_shadows, uniq_agnes,
          uniq_sonja
Temple:   circular_temple_12
Lair:1:   portal_ice_cave_entry_imps, bh_autumn_forest_stairs
Lair:3:   spider_nest_entry_rubble, uniq_fannar
Lair:4:   minmay_shoals_entry_centaurs, lemuel_fruit_tree
Lair:5:   infiniplex_staircase_pool_2
Lair:6:   grunt_megastairs_4, serial_bayou_shore_a
Lair:7:   beast_lair_carwin_2, serial_bayou_shore_b
Lair:8:   minmay_lair_end_frog_pond, slime_altar_1
Shoals:1: nicolae_shoals_c_island
Shoals:2: nicolae_shoals_kraken_intersection
Shoals:3: nicolae_shoals_square_sea_wall, ldierk_geyser, uniq_louise
Shoals:4: shoals_end_simple, shoals_ilsuiw_alternative
Spider:1: uniq_frances, uniq_azrael
Spider:2: uniq_aizul, uniq_asterion
Spider:3: spider_trap
Spider:4: grunt_spider_rune_circles, uniq_arachne
Orc:1:    uniq_nergalle
Orc:2:    basic_altar, serial_shops, shop
Orc:3:    serial_shops, nicolae_shop_waterfront, basic_altar,
          nicolae_orc_pool_cavern, mines3_lemuel, uniq_maurice, uniq_snorg
Orc:4:    grunt_orc_tribal_feast, serial_shops, shop
Elf:1:    eino_elf_arrival_shootout, minivault_26, evilmike_ambush
Elf:2:    serial_shops, shop, lemuel_flamethrower_1
Elf:3:    minmay_elf_hall, serial_shops, shop, shop,
          nicolae_shop_overgrown_old_shop, shop, shop, st_stairs_2, minivault_25
Vaults:1: v_misc_15, vaults_room_door_ring, v_misc_22, hangedman_vaults_unwind,
          v_misc_11, vaults_room_fours, hangedman_vaults_variations,
          ontoclasm_vaults_decontamination, hangedman_vaults_trim, serial_shops,
          nicolae_shop_stone, nicolae_shop_stone
Vaults:2: v_pattern_4, minmay_crypt_entry_simple_round, vaults_room_corners,
          nicolae_vaults_windows_and_doors_thing, hangedman_vaults_river_flow,
          hangedman_vaults_restitches, ontoclasm_vaults_fault
Vaults:3: v_misc_33, nicolae_vaults_yaktaur_gun_rack, v_misc_16, kb_rosetta,
          v_alt_pattern_2, ontoclasm_vaults_eye, hangedman_vaults_corner,
          v_rooms_6, serial_ice_h, nicolae_vaults_little_squares_6,
          nicolae_vaults_asterisk, vaults_dpeg_cross, serial_shops,
          nicolae_shop_competitors_out_of_business
Vaults:4: vaults_room_guarded_vault, ontoclasm_vaults_bender, v_misc_18,
          ontoclasm_vaults_chip, grunt_vaults_funnel, vaults_room_large_hall,
          vaults_room_fours, v_misc_17, v_rooms_1, grunt_vaults_twisty,
          vaults_dpeg_doors, vaults_dpeg_encased_lava, v_misc_23
Vaults:5: serial_shops, uniq_sojobo
Crypt:1:  minivault_19, uniq_khufu
Crypt:2:  uniq_margery
Crypt:3:  evilmike_haunted_forest, uniq_donald, uniq_wiglaf, uniq_mara
Depths:1: hellmouth_1, grunt_decor_one_mirror, serial_shops, shop,
          roderic_lattice_a, kennysheep_small_square, uniq_norris
Depths:2: evilmike_silver_temple, serial_shops, bzr_entry_customers, hell_entry,
          infiniplex_staircase_pool_1
Depths:3: hangedman_box_tower, enter_ziggurat_a, grunt_hell_entry_dis_mu,
          grunt_pan_entry_spiral, serial_bayou_pond_b, uniq_boris
Depths:4: grunt_crosshair, hell_entry, hangedman_abyss_or_decor_stagger,
          hangedman_abyss_entry_splay, minivault_10, uniq_boris, uniq_mennas
Depths:5: grunt_zot_entry_gee_three, hell_entry, kennysheep_treasure_room
Zot:1:    evilmike_ambush, grunt_megastairs_5
Zot:3:    nicolae_zot_stationary_front
Zot:4:    grunt_ministairs_2
Zot:5:    st_stairs_14, guppyfry_library_mini
Abyss:1:  evilmike_abyss_exit_3
Abyss:3:  evilmike_abyss_rune_seething_chaos
Abyss:4:  evilmike_abyss_rune_elephants
Pan:      nicolae_pan_glass_arcs, evilmike_mini_pan_corner,
          nicolae_pan_cerebovesque_1, grunt_pan_pentagram, enter_ziggurat_pan_a
Zig:6:    ziggurat_pillar_centre_c
Zig:7:    ziggurat_pillar_centre_oklobs
Zig:10:   ziggurat_pillar_centre_smoke, ziggurat_pillar_centre_dead_trees
Zig:11:   ziggurat_loot_2
Zig:13:   ziggurat_loot_2
Zig:22:   ziggurat_pillar_centre_drop
Bazaar:   bazaar_minmay_row
Bailey:   bailey_polearm_5, bailey
IceCv:    ice_cave_statue_garden_02

Action                   |  1- 3 |  4- 6 |  7- 9 | 10-12 | 13-15 | 16-18 | 19-21 | 22-24 | 25-27 || total
-------------------------+-------+-------+-------+-------+-------+-------+-------+-------+-------++-------
Melee: Flail             |   139 |   230 |   597 |   898 |       |       |       |       |       ||  1864
       Morningstar       |       |       |       |   487 |   965 |       |       |   761 |  1135 ||  3348
       Demon whip        |       |       |       |       |  1639 |   303 |       |       |       ||  1942
       Eveningstar       |       |       |       |       |       |  1425 |  1845 |  1301 |  4512 ||  9083
       Sacred scourge    |       |       |       |       |       |       |       |       |  1914 ||  1914
       Whip              |       |       |       |       |       |       |       |       |    24 ||    24
       Unarmed           |       |       |       |       |       |       |       |       |     2 ||     2
Throw: Javelin           |       |       |       |       |       |       |       |       |    19 ||    19
 Cast: Lee's Rapid Decon |       |       |       |       |       |       |       |       |     1 ||     1
       Stoneskin         |       |       |       |       |       |       |       |       |     1 ||     1
Invok: Heroism           |       |       |     3 |     7 |     9 |     9 |     3 |     4 |     1 ||    36
       Finesse           |       |       |       |     1 |    10 |    10 |    10 |     9 |     2 ||    42
       Cleansing Flame   |       |       |       |       |       |       |       |       |   116 ||   116
       Summon Divine War |       |       |       |       |       |       |       |       |    21 ||    21
 Abil: Fly               |       |       |       |       |     1 |       |       |       |     2 ||     3
Evoke: Wand              |       |       |     3 |     1 |     3 |     5 |    14 |     9 |    35 ||    70
  Use: Scroll            |     2 |     4 |     3 |     7 |    16 |    15 |     8 |    15 |    75 ||   145
       Potion            |       |     1 |     1 |     3 |     3 |     3 |       |       |    26 ||    37
 Stab: Paralysed         |       |       |       |       |     2 |       |       |       |     1 ||     3
       Distracted        |       |       |       |       |       |       |       |     1 |     4 ||     5
       Petrified         |       |       |       |       |       |       |       |       |    11 ||    11
       Petrifying        |       |       |       |       |       |       |       |       |     3 ||     3
  Eat: Chunk             |     1 |     8 |    12 |    22 |    44 |    27 |    33 |    19 |    49 ||   215
       Beef jerky        |       |       |       |     2 |       |       |       |     1 |     5 ||     8
       Fruit             |       |       |       |       |     1 |     3 |       |       |     7 ||    11
       Royal jelly       |       |       |       |       |     1 |       |     1 |     1 |    10 ||    13
       Meat ration       |       |       |       |       |       |     1 |       |     3 |     8 ||    12
       Pizza             |       |       |       |       |       |       |     1 |       |     6 ||     7
       Bread ration      |       |       |       |       |       |       |       |     3 |     6 ||     9
